 Dungeon Crawl Stone Soup version 0.32-a0-870-g877066f4b4 (webtiles) character file.

Game seed: 15245695705182102741

89810 Viceroy the Impaler (level 15, -3/141 HPs)
             Began as a Pale Draconian Conjurer on Mar 29, 2024.
             Was the Champion of Nemelex Xobeh.
             Slain by a +2 scimitar of freezing (15 damage)
             ... on level 2 of the Orcish Mines.
             The game lasted 01:24:51 (27969 turns).

Viceroy the Impaler (Pale Draconian Conjurer)      Turns: 27969, Time: 01:24:51

Health: -3/141     AC: 16    Str: 14    XL:     15   Next: 50%
Magic:  26/26      EV: 15    Int: 22    God:    Nemelex Xobeh [******]
Gold:   1454       SH: 15    Dex:  9    Spells: 15/18 levels left

rFire   . . .        K - +4 trident (drain)
rCold   . . .        E - +5 kite shield {AC+3}
rNeg    . . .        (body armour unavailable)
rPois   .            x - +1 hat
rElec   .            Y - +0 cloak
rCorr   .            G - +0 pair of gloves
SInv    +            B - +0 pair of boots
Will    +....        I - amulet of regeneration
Stlth   ++           b - ring of see invisible
HPRegen 1.23/turn    T - +5 ring of evasion
MPRegen 0.20/turn

%: no passive effects
@: slowed, very slow
A: steam breath, AC +9, unfitting armour, cold-blooded, steam resistance
a: Steam Breath, Renounce Religion, Draw Escape, Draw Destruction, Draw
Summoning, Draw Stack, Triple Draw, Deal Four, Stack Five


You were on level 2 of the Orcish Mines.
You worshipped Nemelex Xobeh.
Nemelex Xobeh was exalted by your worship.
You visited 4 branches of the dungeon, and saw 21 of its levels.
You also visited: Sewer.

You collected 2438 gold pieces.
You spent 984 gold pieces at shops.

Inventory:

Hand Weapons
 i - a +0 heavy bardiche
 K - a +4 trident of draining (weapon)
Missiles
 k - 2 throwing nets
 n - a curare-tipped dart
Armour
 x - a +1 hat (worn)
 B - a +0 pair of boots (worn)
 E - a +5 kite shield of protection (worn)
 G - a +0 pair of gloves (worn)
 N - a scarf of harm
 Y - a +0 cloak (worn)
Jewellery
 b - a ring of see invisible (left hand)
 d - a ring of fire
 p - a +6 ring of intelligence
 y - a ring of poison resistance
 F - a ring of fire
 I - an amulet of regeneration (around neck)
 T - a +5 ring of evasion (right hand)
Wands
 r - a wand of polymorph (9)
 C - a wand of iceblast (7)
 D - a wand of light (16)
 J - a wand of paralysis (20)
 O - a wand of digging (4)
 Q - a wand of mindburst (5) (quivered)
 R - a wand of flame (37)
Scrolls
 e - a scroll of enchant armour
 h - a scroll of butterflies
 j - 2 scrolls of blinking
 l - 10 scrolls of teleportation
 s - 4 scrolls of fear
 v - 3 scrolls of revelation
 z - a scroll of silence
 A - 4 scrolls of fog
 U - 4 scrolls of enchant weapon {unknown}
 W - a scroll of amnesia
 X - 2 scrolls of poison {unknown}
Potions
 a - 3 potions of magic
 c - 2 potions of invisibility {unknown}
 f - 3 potions of resistance
 g - 3 potions of mutation
 m - 8 potions of curing
 o - 6 potions of heal wounds
 q - a potion of might {unknown}
 t - a potion of lignification
 u - a potion of brilliance {unknown}
 w - 3 potions of haste
 H - 2 potions of attraction {unknown}
 L - 2 potions of enlightenment {unknown}
 S - 2 potions of cancellation
 V - 2 potions of degeneration {unknown}
 Z - 3 potions of ambrosia {unknown}
Miscellaneous
 M - a tin of tremorstones (2/2)


   Skills:
 - Level 15.0 Fighting
 + Level 16.3 Polearms
 - Level 5.0 Dodging
 - Level 1.7 Stealth
 - Level 10.0 Shields
 - Level 2.0 Spellcasting
 - Level 5.2 Conjurations
 * Level 5.0 Fire Magic
 - Level 15.0 Invocations


You had 15 spell levels left.
You knew the following spells:

 Your Spells              Type           Power      Damage    Failure   Level
a - Magic Dart            Conj           100%       1d8       3%          1
b - Searing Ray           Conj           50%        2d6       6%          2

Your spell library contained the following spells:

 Spells                   Type           Power      Damage    Failure   Level
 Foxfire                  Conj/Fire      96%        2x1d8     4%          1
 Static Discharge         Conj/Air       26%        3-5/arc   17%         2
 Sandblast                Erth           4%         2d4       32%         1
 Stone Arrow              Conj/Erth      26%        3d8       32%         3
 Inner Flame              Hex/Fire       13%        N/A       34%         3
 Call Imp                 Summ           4%         N/A       43%         2
 Sublimation of Blood     Necr           2%         N/A       43%         2
 Brom's Barrelling Bould  Conj/Erth      13%        2d4       73%         4
 Fulminant Prism          Conj/Alch      6%         3d6       73%         4
 Iskenderun's Mystic Bla Conj/Tloc 13%            2d5        (+2d2     73%         4
 Airstrike                Air            1%         2d(1-17)  97%         4
 Olgreb's Toxic Radiance  Alch           2%         N/A       97%         4
 Petrify                  Alch/Erth      2%         N/A       97%         4
 Summon Lightning Spire   Summ/Air       2%         N/A       97%         4
 Irradiate                Conj/Alch      6%         3d13      97%         5
 Starburst                Conj/Fire      12%        6d5       99%         6
 Summon Forest            Summ/Tloc      1%         N/A       100%        5
 Eringya's Noxious Bog    Alch           1%         4d6       100%        6
 Plasma Beam              Fire/Air       6%         2x1d17    100%        6
 Ozocubu's Refrigeration  Ice            1%         4d7       100%        7
 Summon Hydra             Summ           1%         N/A       100%        7
 Discord                  Hex            1%         N/A       100%        8
 Ignition                 Fire           12%        3d6       100%        8


Dungeon Overview and Level Annotations

Branches:
Dungeon (13/15)            Temple (0/1) D:6            Lair (5/5) D:11
  Swamp (0/4) Lair:2        Snake (0/4) Lair:3        Slime (0/5) Lair:5
    Orc (2/2) D:12            Elf (1/3) Orc:2         Sewer (visited)
 Vaults: D:13-14

Altars:
Ashenzari
Cheibriados
Dithmenos
Fedhas
Gozag
Kikubaaqudgha
Nemelex Xobeh
Qazlal
Sif Muna
Trog
Uskayaw
Vehumet
Wu Jian
Yredelemnul
Zin
The Shining One
Beogh
Jiyva

Shops:
D:10 *   D:13 ?   Orc:1 :   Orc:2 *!(!

Portals:
Trove: D:13 (show slimy rune of Zot)

Annotations:
D:9 Prince Ribbit


Innate Abilities, Weirdness & Mutations

You can breathe blasts of scalding, opaque steam.
Your pale cyan-grey scales are hard. (AC +9)
You cannot fit into any form of body armour.
You are cold-blooded and may be slowed by cold attacks.
You are immune to the effects of steam.


Message History

You are too injured to fight recklessly!
You are too injured to fight recklessly!
You are too injured to fight recklessly!
You puncture the air elemental!
The air elemental is moderately damaged.
The air elemental fires a burst of electricity at you.
The stunning burst hits you!
You shrug off the repeated paralysis!
The stunning burst hits the +2 scimitar of freezing.
The +2 scimitar of freezing completely resists.
The +2 scimitar of freezing hits you!
You feel yourself slow down.
The +2 scimitar of freezing freezes you.
The air elemental hits you.
Unknown command.
You miss the air elemental. You tail-slap the air elemental.
The air elemental is heavily damaged.
The air elemental misses you.
You block the +2 scimitar of freezing's attack.
You block the air elemental's attack. The +2 scimitar of freezing hits you!
* * * LOW HITPOINT WARNING * * *
The +2 scimitar of freezing freezes you.
* * * LOW HITPOINT WARNING * * *
The air elemental fires a burst of electricity at you.
The stunning burst hits you.
You suddenly lose the ability to move!
* * * LOW HITPOINT WARNING * * *
The stunning burst hits the +2 scimitar of freezing.
The +2 scimitar of freezing completely resists.
You can move again.
Unknown command.
Okay, then.
You draw a card...
You have drawn the Cloud.
Clouds appear around your foes!
You feel yourself speed up. The air elemental closely misses you.
You block the air elemental's attack. The +2 scimitar of freezing hits you!
* * * LOW HITPOINT WARNING * * *
You feel yourself slow down.
The +2 scimitar of freezing freezes you.
* * * LOW HITPOINT WARNING * * *
You block the air elemental's attack. The +2 scimitar of freezing hits you!
You die...
Your body glows with a rainbow of weird colours and disappears.

### ##☼##
#(@E# ##☼##
##.# ##.#
##### ##.##
##.[.##
####..#
##.....##
##.#..#####
#...⌠...#
##..[..#
#.##
##.....##
#.....##
##.#
###.###


You could see an air elemental and a +2 scimitar of freezing.

Vanquished Creatures
  Gastronok (Lair:1)
  A fire dragon (D:13)
  Josephine (Orc:2)
  A vault guard (D:13)
  5 hydras
  A centaur warrior (D:13)
  4 two-headed ogres
  2 boulder beetles
  A catoblepas (Lair:5)
  7 death yaks
  3 orc high priests (Orc:2)
  A tengu warrior (D:13)
  A skyshark (Lair:5)
  3 skeletal warriors (D:13)
  A lindwurm (Lair:5)
  5 orc knights (Orc:2)
  2 obsidian bats (Orc:2)
  2 deep elf pyromancers
  A wolf spider (Lair:4)
  A deep elf zephyrmancer (Elf:1)
  An ugly thing (D:12)
  4 orc sorcerers
  A manticore (D:13)
  14 elephants
  6 kobold blastminers
  3 black mambas (Lair:5)
  15 cane toads
  A gargoyle (D:12)
  2 unseen horrors
  4 rime drakes
  9 komodo dragons
  A tengu conjurer (D:13)
  5 trolls
  3 hornets
  7 polar bears
  A queen bee (Orc:2)
  11 dream sheep
  21 blink frogs
  A centaur simulacrum (D:12)
  4 wraiths
  3 shadows
  4 wyverns
  62 yaks
  2 basilisks
  A fire bat (Lair:3)
  6 wargs
  3 vampire mosquitoes (D:11)
  4 steam dragons
  4 nagas (Lair:3)
  4 acid dragons (Lair:5)
  17 water moccasins
  41 orc warriors
  A swamp drake (Lair:5)
  13 ogres
  20 wolves
  8 centaurs
  A phantom (D:4)
  3 kobold brigands
  15 bullfrogs
  A gnoll sergeant (D:6)
  A brain worm (Sewer)
  3 scorpions
  3 wights (D:7)
  3 killer bees (D:8)
  2 bombardier beetles
  3 howler monkeys
  A crimson imp (D:5)
  4 hounds
  2 gnoll boudas (D:7)
  6 jellies
  A sleepcap (D:6)
  30 orc priests
  A scorpion zombie (D:3)
  7 iguanas
  12 orc wizards
  10 gnolls
  2 adders
  A shadow imp (D:6)
  2 white imps
  An adder zombie (D:3)
  3 ribbon worms
  3 dart slugs
  114 orcs
  13 endoplasms
  7 giant cockroaches
  8 hobgoblins
  6 jackals (D:1)
  4 quokkas
  12 ball pythons
  5 bats
  4 frilled lizards
  8 goblins
  A goblin skeleton (D:5)
  A goblin zombie (D:5)
  2 hobgoblin zombies (D:5)
  15 kobolds
  A kobold skeleton (D:5)
  5 rats
678 creatures vanquished.

Vanquished Creatures (collateral kills)
  Rupert (D:13)
  An orc warlord (Orc:2)
  Snorg (D:10)
  An ice dragon (Lair:5)
  4 death yaks
  An orc high priest (Orc:2)
  2 skeletal warriors (D:13)
  A swamp dragon (Lair:5)
  A manticore (D:13)
  An elephant (Lair:5)
  A torpor snail (Lair:3)
  A rime drake (Lair:4)
  A cane toad (Lair:3)
  2 trolls
  2 blink frogs
  2 yaks (Lair:4)
  A warg (Orc:2)
  Pargi (Sewer)
  An orc warrior (Orc:2)
  An orc wizard (D:8)
  An orc (Orc:2)
  A ball python (Lair:3)
  A frilled lizard (Sewer)
30 creatures vanquished.

Vanquished Creatures (others)
  5 orcs
5 creatures vanquished.

Grand Total: 713 creatures vanquished

Notes
Turn   | Place    | Note
-------+----------+-------------------------------------------
     0 | D:1      | Viceroy the Draconian Conjurer began the quest for the Orb.
     0 | D:1      | Reached XP level 1. HP: 14/14 MP: 3/3
   311 | D:1      | Reached XP level 2. HP: 20/20 MP: 1/5
   552 | D:1      | Learned a level 2 spell: Searing Ray
  1237 | D:2      | Reached skill level 5 in Conjurations
  1292 | D:2      | Reached XP level 3. HP: 23/26 MP: 3/6
  1613 | D:2      | Found a faded altar of an unknown god.
  1684 | D:2      | Prayed at the altar of an unknown god.
  1684 | D:2      | Became a worshipper of Nemelex Xobeh the Trickster
  1684 | D:2      | Reached * piety under Nemelex Xobeh
  2087 | D:2      | Received a gift from Nemelex Xobeh
  2151 | D:2      | Reached skill level 1 in Invocations
  2415 | D:3      | Found a shimmering blue altar of Sif Muna.
  2424 | D:3      | Found a stormy altar of Qazlal.
  2450 | D:3      | Found a glowing drain.
  2468 | D:3      | Reached XP level 4. HP: 27/33 MP: 1/7
  2541 | D:3      | Found a snail-covered altar of Cheibriados.
  2551 | Sewer    | Entered a sewer
  2586 | Sewer    | Noticed a brain worm
  2590 | Sewer    | Killed a brain worm
  2685 | Sewer    | Noticed a kobold brigand
  2693 | Sewer    | Killed a kobold brigand
  2694 | Sewer    | Reached XP level 5. HP: 33/38 MP: 0/8
  2825 | Sewer    | Noticed Pargi
  2832 | Sewer    | Identified the +0 hand axe "Laudab" {venom, rF++ rC+ Int-3}
  2835 | Sewer    | Killed Pargi
  2836 | Sewer    | Reached skill level 5 in Invocations
  2836 | Sewer    | Reached XP level 6. HP: 29/45 MP: 1/10
  3167 | D:3      | Received a gift from Nemelex Xobeh
  3169 | D:3      | Reached ** piety under Nemelex Xobeh
  3470 | D:3      | Found a basalt altar of Yredelemnul.
  3710 | D:4      | Found a hide-covered altar of Uskayaw.
  3930 | D:4      | Found a glowing silver altar of Zin.
  4192 | D:4      | Your scales start taking on a pale cyan-grey colour.
  4192 | D:4      | Reached XP level 7. HP: 50/50 MP: 5/12
  4192 | D:4      | Gained mutation: You are immune to the effects of steam.
                  | [Pale Draconian growth]
  4830 | D:5      | Entered Level 5 of the Dungeon
  5077 | D:5      | Received a gift from Nemelex Xobeh
  5454 | D:5      | Found a glowing golden altar of the Shining One.
  5487 | D:5      | Reached *** piety under Nemelex Xobeh
  5909 | D:5      | Reached XP level 8. HP: 26/57 MP: 6/15
  6016 | D:5      | Received a gift from Nemelex Xobeh
  6185 | D:6      | Found a broken altar of Ashenzari.
  6291 | D:6      | Found a staircase to the Ecumenical Temple.
  6302 | D:6      | Reached skill level 10 in Invocations
  6302 | D:6      | Reached skill level 1 in Fighting
  6504 | D:6      | Found a bloodstained altar of Trog.
  6844 | D:6      | Found a radiant altar of Vehumet.
  6966 | D:7      | Received a gift from Nemelex Xobeh
  6975 | D:7      | Noticed Dowan
  6976 | D:7      | Noticed Duvessa
  6980 | D:7      | Dowan changed into Dowan the rat
  6980 | D:7      | Noticed Dowan
  6982 | D:7      | Killed Dowan the rat
  7003 | D:7      | Duvessa changed into Duvessa the dart slug
  7003 | D:7      | Noticed Duvessa
  7006 | D:7      | Killed Duvessa the dart slug
  7310 | D:7      | Noticed Jeremiah
  7322 | D:7      | Jeremiah changed into Jeremiah the ribbon worm
  7322 | D:7      | Noticed Jeremiah
  7330 | D:7      | Killed Jeremiah the ribbon worm
  7468 | D:7      | Found an ornate altar of the Wu Jian Council.
  7507 | D:7      | Reached skill level 5 in Fighting
  8042 | D:7      | Found an ancient bone altar of Kikubaaqudgha.
  8548 | D:7      | Received a gift from Nemelex Xobeh
  8583 | D:7      | Reached XP level 9. HP: 75/79 MP: 6/16
  9263 | D:8      | Reached **** piety under Nemelex Xobeh
  9274 | D:8      | Reached skill level 1 in Shields
  9752 | D:8      | Reached skill level 5 in Shields
  9906 | D:8      | Found an opulent altar of Gozag.
 10102 | D:9      | Noticed a troll
 10107 | D:9      | Killed a troll
 10265 | D:9      | Reached skill level 10 in Fighting
 10265 | D:9      | Reached XP level 10. HP: 80/93 MP: 9/17
 10432 | D:9      | Noticed Prince Ribbit
 10753 | D:9      | Noticed a two-headed ogre
 10761 | D:9      | Killed a two-headed ogre
 11069 | D:10     | Entered Level 10 of the Dungeon
 11126 | D:10     | Found a shadowy altar of Dithmenos.
 11486 | D:10     | Received a gift from Nemelex Xobeh
 11519 | D:10     | Identified the +4 chain mail of Ulealaa {rElec Int+2}
 11521 | D:10     | Noticed Snorg
 11531 | D:10     | Killed Snorg
 11532 | D:10     | Reached skill level 10 in Shields
 11621 | D:10     | Found a blossoming altar of Fedhas.
 11677 | D:10     | Found Gaylin's General Store.
 11883 | D:10     | Reached ***** piety under Nemelex Xobeh
 11883 | D:10     | Received a gift from Nemelex Xobeh
 11898 | D:10     | Reached XP level 11. HP: 98/99 MP: 1/19
 12408 | D:11     | Noticed a two-headed ogre
 12409 | D:11     | Killed a two-headed ogre
 12410 | D:11     | Noticed a boulder beetle
 12443 | D:11     | Killed a boulder beetle
 12870 | D:11     | Found a staircase to the Lair.
 13233 | D:11     | Received a gift from Nemelex Xobeh
 13381 | Lair:1   | Entered Level 1 of the Lair of Beasts
 14058 | Lair:1   | Reached XP level 12. HP: 108/108 MP: 15/22
 14499 | Lair:1   | Noticed Gastronok
 14513 | Lair:1   | Killed Gastronok
 14744 | Lair:1   | Reached skill level 15 in Invocations
 15205 | Lair:2   | Received a gift from Nemelex Xobeh
 15558 | Lair:2   | Found a staircase to the Swamp.
 15559 | Lair:2   | Noticed an eight-headed hydra
 15561 | Lair:2   | Killed an eight-headed hydra
 17362 | Lair:3   | Reached XP level 13. HP: 125/125 MP: 17/24
 17791 | Lair:3   | Received a gift from Nemelex Xobeh
 17925 | Lair:3   | Reached skill level 15 in Fighting
 18243 | Lair:3   | Reached skill level 1 in Polearms
 18277 | Lair:3   | Reached skill level 2 in Polearms
 18277 | Lair:3   | Reached skill level 5 in Dodging
 18411 | Lair:3   | Found a staircase to the Snake Pit.
 18499 | Lair:3   | Reached skill level 3 in Polearms
 18923 | Lair:3   | Reached skill level 4 in Polearms
 19008 | Lair:4   | Reached skill level 5 in Polearms
 19045 | Lair:3   | Reached skill level 6 in Polearms
 19249 | Lair:4   | Reached skill level 7 in Polearms
 19277 | Lair:4   | Received a gift from Nemelex Xobeh
 19286 | Lair:4   | Identified the +0 plate armour of Hedging {rPois rC+}
 19653 | Lair:4   | Reached skill level 8 in Polearms
 20033 | Lair:4   | Received a gift from Nemelex Xobeh
 20243 | Lair:5   | Entered Level 5 of the Lair of Beasts
 20303 | Lair:4   | Reached skill level 9 in Polearms
 20439 | Lair:5   | Reached XP level 14. HP: 135/135 MP: 25/25
 20445 | Lair:5   | Reached skill level 10 in Polearms
 20609 | Lair:5   | Found a viscous altar of Jiyva.
 20611 | Lair:5   | Found a staircase to the Slime Pits.
 20642 | Lair:5   | Reached skill level 11 in Polearms
 21030 | Lair:5   | Reached skill level 12 in Polearms
 21217 | Lair:5   | Received a gift from Nemelex Xobeh
 21909 | Lair:5   | Reached ****** piety under Nemelex Xobeh
 21916 | Lair:5   | Identified the +5 quarterstaff of Indomitability {freeze,
                  | Int+3}
 21931 | Lair:5   | Identified the +1 ring mail "Alusunar" {Dex+5}
 21934 | Lair:5   | Identified a scroll of acquirement
 21935 | Lair:5   | Acquired 792 gold pieces
 22421 | D:12     | Reached skill level 13 in Polearms
 22520 | D:12     | Received a gift from Nemelex Xobeh
 22610 | D:12     | Found a staircase to the Orcish Mines.
 22965 | Orc:1    | Entered Level 1 of the Orcish Mines
 22982 | Orc:1    | Found Mihiruah's Book Shop.
 23062 | Orc:1    | Bought a book of Spontaneous Combustion for 418 gold pieces
 23070 | Orc:2    | Entered Level 2 of the Orcish Mines
 23350 | Orc:2    | Received a gift from Nemelex Xobeh
 23394 | Orc:2    | Reached skill level 1 in Fire Magic
 23458 | Orc:1    | Noticed Josephine
 23485 | Orc:2    | Killed Josephine
 23796 | Orc:1    | Reached skill level 14 in Polearms
 23999 | Orc:1    | Found a roughly hewn altar of Beogh.
 24276 | Orc:2    | Found a roughly hewn altar of Beogh.
 24451 | Orc:2    | Found Tyefeeb's General Store.
 24477 | Orc:2    | Bought a potion of haste for 140 gold pieces
 24477 | Orc:2    | Bought a potion of resistance for 140 gold pieces
 24484 | Orc:2    | Found Uzacof's Distillery.
 24531 | Orc:2    | Bought a potion of cancellation for 112 gold pieces
 24639 | Orc:2    | Reached XP level 15. HP: 141/141 MP: 26/26
 25153 | Orc:2    | Found a staircase to the Elven Halls.
 25176 | Orc:2    | Identified the +3 leather armour "Mailumn" {rF- Dex+4}
 25211 | Orc:2    | Paralysed by an orc sorcerer for 5 turns
 25217 | Orc:2    | Reached skill level 15 in Polearms
 25499 | Orc:2    | Received a gift from Nemelex Xobeh
 25552 | Orc:2    | Found a roughly hewn altar of Beogh.
 25586 | Orc:2    | Found Zyenutaph's Distillery.
 25647 | Orc:2    | Found Faoqoal's Antique Weapon Shoppe.
 26020 | Orc:2    | Bought a potion of curing for 51 gold pieces
 26744 | D:13     | Received a gift from Nemelex Xobeh
 26758 | D:13     | Found Hiemohia's Magic Scroll Boutique.
 26956 | D:13     | Bought a scroll of silence for 123 gold pieces
 27223 | D:13     | Received a gift from Nemelex Xobeh
 27256 | D:13     | Noticed Rupert
 27294 | D:13     | Killed Rupert
 27295 | D:13     | Reached skill level 16 in Polearms
 27338 | D:13     | Found a portal to a secret trove of treasure.
 27945 | Elf:1    | Entered Level 1 of the Elven Halls
 27955 | Elf:1    | Reached skill level 5 in Fire Magic
 27964 | Elf:1    | Paralysed by an air elemental for 1 turns
 27968 | Orc:2    | Paralysed by an air elemental for 1 turns
 27969 | Orc:2    | Slain by a +2 scimitar of freezing

Illustrated notes

Levels and vault maps discovered:
D:1:      dpeg_arrival_another_circle, layout_basic, hex_tiny
D:2:      layout_basic, ebering_ecumenical_altar_ruins, skrybe_limestone_x,
          corexii_hall_statues_l
D:3:      layout_loops_ring, lemuel_zombie_altar_yredelemnul,
          cheibriados_altar_2, mainiacjoe_overflow_large_starburst,
          cheibrodos_sewer_entry_drain, minmay_liquid_box,
          nicolae_concentric_dashed_squares_wild
D:4:      minmay_octagon_keep, layout_cave_pools, overflow_temple_1_default,
          mainiacjoe_overflow_boulevard, serial_bayou_crossing
D:5:      layout_gridville, nicolae_tso_besieged_by_evil
D:6:      layout_rooms, mainiacjoe_overflow_catwalk, kennysheep_mini_moat,
          nicolae_vehumet_altar_sigil, minmay_temple_entry_slanted
D:7:      layout_basic, mainiacjoe_overflow_brackets, lemuel_round_altar,
          serial_curves, eino_curves_01, eino_curves_02, eino_curves_01,
          nicolae_nh_ransacked_shop, uniq_duvessa, uniq_jeremiah
D:8:      layout_loops_ring, grunt_gozag_statues
D:9:      layout_long_grid, uniq_prince_ribbit1
D:10:     layout_roguey, fedhas_altar_2, grunt_dithmenos_smoke_and_mirrors,
          serial_shops, nicolae_shop_temple_entry_statues_fountains, uniq_snorg
D:11:     layout_long_grid, david_lair_shrubbed
D:12:     layout_gridville, david_orc_3
D:13:     layout_basic, serial_shops, shop, enter_trove_5, uniq_rupert
Lair:1:   layout_hall_layers, grunt_megastairs_3, lemuel_fruit_tree,
          uniq_gastronok
Lair:2:   layout_roguey, swamp_mist, st_stairs_7
Lair:3:   layout_loops_ring, minmay_snake_entry_guardpost_small, st_stairs_12
Lair:4:   layout_loops_ring, pond, serial_bayou_shore_b, grunt_megastairs_5,
          lemuel_fruit_fields, infiniplex_staircase_pool_2
Lair:5:   guppyfry_lair_end_dragon, layout_loops_ring,
          nicolae_slime_entry_slimehenge, nicolae_lair_yak_garden,
          grunt_megastairs_2
Orc:1:    layout_diamond_mine, serial_shops, shop, minmay_orc_temple_b,
          uniq_josephine
Orc:2:    pubby_orc_utopia
Elf:1:    gammafunk_sealed_library, layout_geoelf_octagon,
          nicolae_elf_blasts_and_bolts

Skill      XL: |  1  2  3  4  5  6  7  8  9 10 11 12 13 14 15 |
---------------+----------------------------------------------+-----
Conjurations   | 5 |  5.2
Invocations    | 2 4 5 7 9 10 14 15 | 15.0
Fighting       | 7 10 14 15 | 15.0
Shields        | 5 10 | 10.0
Dodging        | 4 5 |  5.0
Polearms       | 9 14 16 | 16.3
Fire Magic     | 3 5 |  5.0
Stealth        | |  1.7
Spellcasting   | |  2.0

Action                     |  1- 3 |  4- 6 |  7- 9 | 10-12 | 13-15 || total
---------------------------+-------+-------+-------+-------+-------++-------
  Melee: Hand axe          |    42 |       |       |       |       ||    42
         Tailslap          |     7 |     4 |    13 |    64 |   300 ||   388
         Dagger            |    25 |    20 |    64 |       |       ||   109
         Trident           |       |       |    32 |   375 |  1856 ||  2263
   Cast: Magic Dart        |    91 |    41 |   141 |    17 |       ||   290
         Searing Ray       |     1 |    13 |    59 |   119 |    38 ||   230
 Invoke: Draw Destruction  |     1 |     2 |     8 |    11 |    27 ||    49
         Draw Summoning    |       |     1 |     2 |     2 |    15 ||    20
         Draw Stack        |       |       |       |     2 |       ||     2
         Stack Five        |       |       |       |     1 |       ||     1
         Draw Escape       |       |       |       |     1 |     9 ||    10
Ability: Steam Breath      |       |       |     1 |     2 |     1 ||     4
  Evoke: Wand              |       |       |       |     8 |    10 ||    18
    Use: Scroll            |     5 |       |     4 |     5 |     6 ||    20
         Potion            |       |       |       |       |     1 ||     1
   Stab: Distracted        |       |       |       |       |     4 ||     4
         Sleeping          |       |       |       |       |     4 ||     4
         Petrified         |       |       |       |       |    39 ||    39
         Petrifying        |       |       |       |       |     3 ||     3
 Armour: Skin              |   108 |    38 |   140 |   409 |   862 ||  1557
  Dodge: Dodged            |   105 |    25 |    89 |   201 |   608 ||  1028
  Block: Kite shield       |       |       |    61 |   542 |  1308 ||  1911

Table legend: (Time is in decaauts)
 A = Elapsed time spent in this place.
 B = Non-inter-level travel time spent in this place.
 C = Inter-level travel time spent in this place.
 D = Time resting spent in this place.
 E = Time spent auto-exploring this place.
 F = Levels seen in this place.
 G = Mean time per level.
                   A        B        C        D        E       F      G
               +--------+--------+--------+--------+--------+-----+--------+
         Total |  28001 |  25399 |   2602 |   4787 |  13960 |  22 | 1272.8 |
       Dungeon |  15047 |  14494 |    553 |   2223 |   9708 |  13 | 1157.5 |
          Lair |   9175 |   8337 |    838 |   1791 |   3823 |   5 | 1835.0 |
  Orcish Mines |   3372 |   2163 |   1209 |    628 |    365 |   2 | 1686.0 |
   Elven Halls |     19 |     19 |      0 |      0 |      0 |   1 |   19.0 |
         Sewer |    386 |    386 |      0 |    145 |     64 |   1 |  386.0 |
               +--------+--------+--------+--------+--------+-----+--------+

Top non-repeatable levels by time:
   Orc:2: 2872 daAuts
  Lair:3: 2409 daAuts
  Lair:1: 2046 daAuts
     D:7: 2042 daAuts
  Lair:2: 1760 daAuts
  Lair:5: 1665 daAuts
    D:10: 1343 daAuts
     D:1: 1294 daAuts
  Lair:4: 1293 daAuts
     D:8: 1248 daAuts
     D:5: 1206 daAuts
    D:13: 1148 daAuts
     D:4: 1127 daAuts
     D:2: 1094 daAuts
    D:11: 1027 daAuts
